 Dungeon Crawl Stone Soup version 0.25-a0-108-gda8bd6cf83 (webtiles) character file.

Game seed: 3410246054622133753, levelgen mode: deterministic

186 Gargoyl the Skirmisher (level 5, -1/45 HPs)
             Began as a Centaur Abyssal Knight on Nov 18, 2019.
             Was a Believer of Lugonu.
             Slain by a mummy (15 damage)
             ... in an ossuary.
             The game lasted 00:05:31 (3318 turns).

Gargoyl the Skirmisher (Centaur Abyssal Knight)     Turns: 3318, Time: 00:05:32

Health: -1/45      AC: 11    Str: 14    XL:     5   Next: 38%
Magic:  16/16      EV:  2    Int: 11    God:    Lugonu [**....]
Gold:   144        SH:  2    Dex: 10    Spells: 4/4 levels left

rFire    + . .     SeeInvis .   a - +2 hand axe
rCold    + . .     Gourm    .   (no shield)
rNeg     . . .     Faith    .   m - +0 plate armour
rPois    .         Spirit   .   (no helmet)
rElec    .         Reflect  +   j - scarf {rC+ rF+}
rCorr    .         Harm     .   k - +1 pair of gloves
MR       .....                  (no barding)
Stlth    ..........             d - +2 amulet of reflection
HPRegen  0.15/turn              i - ring of magical power
MPRegen  0.15/turn              (no ring)

@: lightly drained, very quick
A: large, hooves 3, deformed body, speed 2, tough skin 3
a: Depart the Abyss, Bend Space, Renounce Religion


You were in an ossuary.
You worshipped Lugonu.
Lugonu was pleased with you.
You were not hungry.

You visited 1 branch of the dungeon, and saw 4 of its levels.
You visited the Abyss 1 time.
You also visited: Ossuary.

You collected 144 gold pieces.

Inventory:

Hand Weapons
 a - a +2 hand axe (weapon)
Armour
 j - a scarf of resistance (worn)
 k - a +1 pair of gloves (worn)
 m - a +0 plate armour (worn)
Jewellery
 d - a +2 amulet of reflection (around neck)
 i - a ring of magical power (left hand)
Wands
 e - a wand of disintegration (9)
Scrolls
 b - 2 scrolls of teleportation
 h - 4 scrolls of identify
 l - 2 scrolls of remove curse
Miscellaneous
 f - a lightning rod (4/4)
Comestibles
 c - 3 rations


   Skills:
 + Level 3.5(3.3) Fighting
 + Level 2.9(2.8) Axes
 * Level 2.7(2.5) Armour
 * Level 1.4(1.2) Dodging
 * Level 2.9(2.7) Invocations
 + Level 0.1(0.0) Evocations


You had 4 spell levels left.
You didn't know any spells.
Your spell library was empty.

Dungeon Overview and Level Annotations

Branches:
Dungeon (4/15)            Ossuary (1/1)
 Temple: D:4-7

Altars:
Kikubaaqudgha
Ru
Vehumet
The Shining One


Innate Abilities, Weirdness & Mutations

You have hooves in place of feet.
Armour fits poorly on your strangely shaped body.
You cover ground very quickly.
You have extremely tough skin. (AC +3)


Message History

You hit the mummy but do no damage. You block the mummy's attack.
The mummy hits you but does no damage.
Unknown command.
You hit the mummy. You kick the mummy, but do no damage.
The mummy is heavily damaged.
You hit the mummy but do no damage. The mummy hits you but does no damage.
Your plate armour prevents you from hitting the mummy.
You kick the mummy, but do no damage.
The mummy is heavily damaged.
You hit the mummy but do no damage. The mummy hits you!
Unknown command.
You slash the mummy! You kick the mummy.
The mummy is almost destroyed.
You hit the mummy. The mummy hits you! The mummy hits you but does no damage.
Unknown command.
You hit the mummy.
You destroy the mummy!
Lugonu accepts your kill.
You barely miss the mummy. The mummy hits you!
You die...

#....#
#....#
#....#
#....#
#....#
#....#
#....#
#ZM..#
#@∩∩.#
######


You could see a mummy and a big kobold zombie.

Vanquished Creatures
  Crazy Yiuf (D:3)
  Ijyb (D:3)
  A mummy (Ossuary)
  3 adders (D:2)
  4 oozes
  2 dart slugs (D:1)
  3 leopard geckos
  A bat zombie (D:3)
  2 giant cockroaches (D:2)
  3 gnoll zombies (Ossuary)
  6 goblins
  8 hobgoblins
  6 kobolds
  A quokka (D:2)
  A ball python (D:1)
  8 bats
  6 frilled lizards
  2 hobgoblin zombies (Ossuary)
  An orc zombie (Ossuary)
  11 rats
71 creatures vanquished.

Notes
Turn   | Place    | Note
-------+----------+-------------------------------------------
     0 | Abyss:1  | Gargoyl the Centaur Abyssal Knight began the quest for the
                  | Orb.
     0 | Abyss:1  | Reached XP level 1. HP: 19/19 MP: 2/2
    88 | Abyss:2  | Noticed a golden dragon zombie
   121 | Abyss:2  | Noticed a wretched star
   122 | D:1      | Escaped the Abyss
   300 | D:1      | Reached * piety under Lugonu
   303 | D:1      | Reached XP level 2. HP: 24/26 MP: 3/3
   769 | D:1      | Reached skill level 1 in Dodging
   914 | D:1      | Reached XP level 3. HP: 31/31 MP: 4/4
  1310 | D:2      | Reached ** piety under Lugonu
  1536 | D:2      | Reached XP level 4. HP: 38/38 MP: 5/5
  1791 | D:2      | Found a sacrificial altar of Ru.
  2259 | D:3      | Found a radiant altar of Vehumet.
  2394 | D:3      | Noticed Ijyb
  2407 | D:3      | Paralysed by Ijyb for 7 turns
  2418 | D:3      | Paralysed by Ijyb for 2 turns
  2445 | D:3      | Killed Ijyb
  2580 | D:3      | Found a runed translucent door.
  2581 | D:3      | Noticed Crazy Yiuf
  2621 | D:3      | Found an ancient bone altar of Kikubaaqudgha.
  2673 | D:3      | Found a glowing golden altar of the Shining One.
  2736 | D:3      | Reached XP level 5. HP: 43/45 MP: 7/7
  2944 | D:3      | Killed Crazy Yiuf
  3223 | D:4      | Found a sand-covered staircase.
  3232 | Ossuary  | Entered an ossuary
  3318 | Ossuary  | Slain by a mummy

Levels and vault maps discovered:
D:1:      psy_arrival_heroes, layout_basic
D:2:      layout_basic, lemuel_doored_altar
D:3:      layout_rooms, nicolae_overflow_crystal_walls,
          overflow_temple_1_default, lemuel_zombie_altar_kikubaaqudgha,
          uniq_crazy_yiuf_cottage, uniq_ijyb
D:4:      layout_basic, kennysheep_mini, first_ration, enter_ossuary_4,
          minmay_circle_x
Ossuary:  ossuary_tomb_3

Skill      XL: |  1  2  3 |
---------------+----------+-----
Dodging        | 1 |  1.4
Axes           | 2 |  2.9
Armour         | 2 |  2.7
Fighting       | |  3.5
Invocations    | |  2.9
Evocations     | |  0.1

Action                   |  1- 3 |  4- 6 || total
-------------------------+-------+-------++-------
Melee: Hand axe          |   117 |   127 ||   244
       Kick              |    13 |    25 ||    38
Invok: Depart the Abyss  |     1 |       ||     1
Evoke: Wand              |     5 |       ||     5
       Lightning rod     |     4 |       ||     4
  Use: Scroll            |     5 |     5 ||    10
       Potion            |       |     2 ||     2
 Stab: Invisible         |       |     1 ||     1
  Eat: Chunk             |     1 |     2 ||     3
       Ration            |       |     1 ||     1
Armor: Leather armour    |    45 |       ||    45
       Plate armour      |    22 |   105 ||   127
Dodge: Dodged            |    48 |     8 ||    56
Block: Other             |     7 |    11 ||    18

Table legend:
 A = Non-vault XP
 B = Vault XP
 C = Vault XP percentage of total XP
 D = Non-vault monster count
 E = Vault monster count
 F = Vault count percentage of total count
                 A         B        C        D         E       F
            +---------+---------+-------+---------+---------+-------
      Total |     158 |     109 |  40.8 |      61 |      10 |  14.1
            +---------+---------+-------+---------+---------+-------
        D:1 |      53 |       0 |   0.0 |      29 |       0 |   0.0
        D:2 |      70 |       0 |   0.0 |      18 |       0 |   0.0
        D:3 |      35 |      82 |  70.1 |      14 |       3 |  17.6
    Ossuary |       0 |      27 | 100.0 |       0 |       7 | 100.0
            +---------+---------+-------+---------+---------+-------
